Unix NetHack Version 3.7.0-84 Work-in-progress - last build May 22 2023 02:29:17 (732dfbf093e943a159c46a5f7822c8f8c359e758,branch:master). Game began 2023-05-11 09:07:32, ended 2023-08-25 11:38:58. TheShinxs, chaotic female human Monk ----------- -------#a@#################..........| ----------- ----- |.....:# |.........| |.......... |...| ......|# ##-.........| |.<.......| |...| |.....|# # |.........| --------.-- |...| ---|---# ### |.........| # #|(..|###### ### ## # |.........| ## ####....|# # # # ---.------- ## # #|....## #### # # #### # ## -----## # # # # # # ###### # # # ## # # ## ########## # # % # # ------.-- # # # # ## ##........-######------------- # -----.- ---.- #### |.......| ##|...........| # |.....| |.>.-### |..)....| ##|...........|## |.....| |...|# |........ #|............# |.....| |....# |.......| ............| ------- ----- --------- #------------- TheShinxs the Novice St:16 Dx:15 Co:12 In:9 Wi:12 Ch:11 Chaotic S:551 Dlvl:4 $:39 HP:0(30) Pw:22(22) AC:3 Xp:4/88 T:1490 Latest messages: You find a hidden door. The door opens. KABOOM!! The door was booby-trapped! You stagger... You feel a bit steadier now. The giant rat misses! You miss the giant rat. The giant rat misses! You miss the giant rat. The giant rat bites! You miss the giant rat. The giant rat bites! You miss the giant rat. You miss the giant rat. You miss the giant rat. The giant rat bites! You miss the giant rat. You miss the giant rat. The giant rat bites! You kill the giant rat! You see here 8 silver arrows. y - 8 silver arrows. The giant ant bites! The giant ant bites! You miss the giant ant. The giant ant bites! You miss the giant ant. The giant ant misses! The giant ant bites! You miss the giant ant. The giant ant misses! The giant ant misses! You miss the giant ant. The giant ant misses! You miss the giant ant. You miss the giant ant. The giant ant bites! You miss the giant ant. The giant ant just misses! You miss the giant ant. The giant ant misses! The giant ant misses! You miss the giant ant. The giant ant bites! You die... Do you want your possessions identified? [ynq] (y) y Do you want to see your attributes? [ynq] (y) n Do you want an account of creatures vanquished? [ynaq] (y) n Do you want to see your conduct and achievements? [ynq] (y) n Do you want to see the dungeon overview? [ynq] (y) n Inventory: Coins $ - 39 gold pieces Weapons y - 8 +0 silver arrows p - 6 blessed +1 darts x - a cursed -1 battle-axe (weapon in hands) q - the +0 Demonbane Armor o - an uncursed +0 orcish helm (being worn) t - an uncursed +0 orcish helm a - an uncursed +2 pair of leather gloves (being worn) b - an uncursed +1 robe (being worn) Comestibles g - 4 uncursed apples f - 3 uncursed food rations i - 4 uncursed fortune cookies h - 5 uncursed oranges w - an uncursed tripe ration Scrolls u - an uncursed scroll of genocide s - an uncursed scroll of identify d - an uncursed scroll of light Spellbooks m - an uncursed spellbook of finger of death c - a blessed spellbook of protection Potions n - an uncursed potion of blindness e - 3 uncursed potions of healing l - a cursed potion of healing Rings r - an uncursed ring of cold resistance (on right hand) k - an uncursed ring of fire resistance (on left hand) Wands v - a wand of secret door detection (0:13) Tools j - a magic marker (0:67) Gems/Stones A - an uncursed worthless piece of orange glass TheShinxs the Monk's attributes: Background: You were a Novice, a level 4 female human Monk. You were chaotic, nominally on a mission for Huan Ti who was opposed by Shan Lai Ching (lawful) and Chih Sung-tzu (neutral). You were in the Dungeons of Doom, on level 4. You entered the dungeon 1490 turns ago. You had 88 experience points, 72 more were needed to attain level 5. Your score was 551 before end-of-game adjustments. Basics: You had 0 out of 30 hit points. You had all 22 energy points (spell power). Your armor class was 3. Your wallet contained 39 zorkmids. Autopickup was off. Final Characteristics: Your strength was 16 (limit:18/100). Your dexterity was 15 (limit:18). Your constitution was 12 (limit:18). Your intelligence was 9 (limit:18). Your wisdom was 12 (limit:18). Your charisma was 11 (limit:18). Final Status: You were not hungry. You were unencumbered. You were wielding an axe. You had no skill with axe. Final Attributes: You were devoutly aligned. You were fire resistant. Your items were protected from fire. You were cold resistant. Your items were protected from cold. You were sleep resistant. You were poison resistant. You saw invisible. You were guarded. You were fast. You are dead. Miscellaneous: You never encountered a bones level. Total elapsed playing time was 2 hours, 18 minutes and 11 seconds. Major events: Turn 1: TheShinxs the chaotic female human Monk entered the dungeon 459: found Demonbane on the floor 646: attained the rank of Novice (level 3) 1490: killed by a giant ant Vanquished creatures: 2 iguanas a large kobold a hobgoblin 5 giant rats a gecko a jackal a fox 3 kobolds a goblin 3 grid bugs 2 bats 2 lichens 2 kobold zombies 2 newts 27 creatures vanquished. No species were genocided or became extinct. Voluntary challenges: You followed a strict vegan diet. You were an atheist. You read items or engraved 3 times. You never engraved Elbereth. You never genocided any monsters. You never polymorphed an object. You never changed form. You used no wishes. Achievement: You attained the rank of Novice. The Dungeons of Doom: levels 1 to 4 Level 1: Level 2: Level 3: Level 4: <- You were here. Final resting place for you, killed by a giant ant. Game over: ---------- / \ / REST \ / IN \ / PEACE \ / \ | TheShinxs | | 39 Au | | killed by a | | giant ant | | | | | | 2023 | *| * * * | * _________)/\\_//(\/(/\)/\//\/|_)_______ Goodbye TheShinxs the Monk... You died in The Dungeons of Doom on dungeon level 4 with 548 points, and 39 pieces of gold, after 1490 moves. You were level 4 with a maximum of 30 hit points when you died.